 Dungeon Crawl Stone Soup version 0.31.0-11-ge490571c62 (webtiles) character file.

Game seed: 18196932833788786070

137 qw the Skirmisher (level 5, -2/29 HPs)
             Began as a Deep Elf Hunter on Feb 5, 2024.
             Slain by Ijyb
             ... wielding a +0 dagger of venom
              (3 damage)
             ... on level 3 of the Dungeon.
             The game lasted 00:01:00 (2015 turns).

qw the Skirmisher (Deep Elf Hunter)                 Turns: 2015, Time: 00:01:01

Health: -2/29      AC:  6    Str: 10    XL:     5   Next: 0%
Magic:  7/7        EV: 12    Int: 14    God:
Gold:   164        SH:  0    Dex: 18    Spells: 4/4 levels left

rFire   . . .        a - +0 shortbow
rCold   . . .        (shield currently unavailable)
rNeg    . . .        c - +0 leather armour
rPois   .            (no helmet)
rElec   .            f - +1 cloak
rCorr   .            d - +0 pair of gloves
SInv    .            (no boots)
Will    .....        (no amulet)
Stlth   ++           (no ring)
HPRegen 0.24/turn    (no ring)
MPRegen 0.10/turn

%: no passive effects
@: lethally poisoned (-2 -> -9), about to teleport, on berserk cooldown,
attractive, slowed, very slow
A: no striking features
a: no special abilities


You were on level 3 of the Dungeon.
You visited 1 branch of the dungeon, and saw 3 of its levels.

You collected 164 gold pieces.


   Skills:
 - Level 1.5 Fighting
 + Level 8.4 Ranged Weapons
 - Level 2.4 Dodging
 - Level 1.2 Stealth


You had 4 spell levels left.
You didn't know any spells.
Your spell library was empty.

Inventory:

Hand Weapons
 a - a +0 shortbow (weapon)
Armour
 c - a +0 leather armour (worn)
 d - a +0 pair of gloves (worn)
 f - a +1 cloak (worn)
Scrolls
 e - 3 scrolls of identify
Potions
 b - a potion of might
 h - a potion of berserk rage

Dungeon Overview and Level Annotations

Branches:
Dungeon (3/15)

Altars:

Shops:
D:3 (

Annotations:
D:3 Ijyb


Message History

You are more poisoned.
You feel sick. Ijyb hits you but does no damage.
You are lethally poisoned!
You feel your anger nearly subside.
You feel very sick.
You are no longer berserk.
You are exhausted.
You feel yourself slow down.
You feel very sick.
Ijyb zaps a wand.
You resist with some effort.
2009 ||| DRINKING sedimented coppery potion.
It was a potion of curing.
You feel better.
Ijyb screams, "Level is mine!
All mine!"
Ijyb hits you but does no damage.
You shoot an arrow. The arrow hits Ijyb but does no damage.
Ijyb is moderately wounded.
Ijyb zaps a wand.
You resist with some effort. Ijyb barely misses you.
You shoot an arrow. The arrow closely misses Ijyb.
Ijyb completely misses you. Ijyb hits you but does no damage.
You are poisoned.
You shoot an arrow. The arrow hits Ijyb but does no damage.
Ijyb is moderately wounded.
You feel very sick.
Ijyb hits you with a +0 dagger of venom.
You shoot an arrow. The arrow hits Ijyb but does no damage.
Ijyb is moderately wounded.
You feel sick.
Ijyb zaps a wand.
You resist with some effort.
You shoot an arrow. The arrow hits Ijyb but does no damage.
Ijyb is moderately wounded.
You feel sick.
Ijyb hits you with a +0 dagger of venom.
You are lethally poisoned!
Ijyb closely misses you.
2015 ||| READING scroll of teleportation.
As you read the scroll of teleportation, it crumbles to dust.
You feel strangely unstable.
You feel very sick.
Ijyb zaps a wand.
You resist with some effort.
Ijyb hits you with a +0 dagger of venom.
You die...

#.############.#.###.
#...## #.#.....
###?.#### #.###.#.
##.##.## #.# #...
#..##..# #.# ###.
###.%### #.# #.
###>.#### ##.######
#..##...###........
##@##.#............
#g#####.###.>######
#. #.# #..# #. #.#
#..# ## #.
#.###..#####. #.
#.........##. #.
#..##........ #.
####..##.###.###
.........# #.#


You could see Ijyb.

Vanquished Creatures
  An orc priest (D:3)
  4 adders
  2 dart slugs (D:3)
  3 orcs (D:3)
  9 ball pythons
  7 bats
  10 endoplasms
  3 giant cockroaches
  5 hobgoblins
  4 kobolds
  3 quokkas
  3 frilled lizards
  3 goblins
  5 rats
62 creatures vanquished.

Notes
Turn   | Place    | Note
-------+----------+-------------------------------------------
     0 | D:1      | qw the Deep Elf Hunter began the quest for the Orb.
     0 | D:1      | Reached XP level 1. HP: 12/12 MP: 3/3
     0 | D:1      | 0 ||| qw: Version: 0.3-a-160-g6735b56
     0 | D:1      | 0 ||| qw: Game counter: 6331
     0 | D:1      | 0 ||| qw: Melee chars always use a shield: true
     0 | D:1      | 0 ||| qw: God list: Okawaru
     0 | D:1      | 0 ||| qw: Allow faded altars: false
     0 | D:1      | 0 ||| qw: Do Orc after clearing Dungeon:15 true
     0 | D:1      | 0 ||| qw: Do second Lair branch before Depths: true
     0 | D:1      | 0 ||| qw: Lair rune preference: random
     0 | D:1      | 0 ||| qw: Goals: Normal
     0 | D:1      | 0 ||| PLANNING D:1-11
    78 | D:1      | Found a faded altar of an unknown god.
   123 | D:1      | Reached skill level 6 in Ranged Weapons
   123 | D:1      | Reached XP level 2. HP: 16/16 MP: 4/4
   634 | D:1      | 634 ||| UPGRADING to +0 pair of gloves.
   639 | D:1      | 639 ||| UPGRADING to +1 cloak.
   644 | D:1      | 644 ||| READING scroll labelled OMPEAK KYUGE.
   645 | D:1      | 645 ||| READING scroll labelled FUCHABL TANLUR.
   646 | D:1      | 646 ||| DROPPING scroll of butterflies.
   760 | D:2      | Reached XP level 3. HP: 20/20 MP: 5/5
  1042 | D:2      | Reached skill level 7 in Ranged Weapons
  1246 | D:2      | 1246 ||| READING scroll labelled JER WEOTWAMITS.
  1250 | D:2      | 1250 ||| READING scroll labelled NUTIBUR GYFA.
  1251 | D:2      | 1251 ||| DRINKING 2 black potions.
  1390 | D:3      | Reached XP level 4. HP: 25/25 MP: 6/6
  1466 | D:3      | Found Vockat's Weapon Shop.
  1481 | D:3      | Reached skill level 8 in Ranged Weapons
  1830 | D:3      | Reached XP level 5. HP: 29/29 MP: 7/7
  1989 | D:3      | Noticed Ijyb
  2003 | D:3      | 2003 ||| DRINKING fuming puce potion.
  2004 | D:3      | 2004 ||| DRINKING 2 fizzy coppery potions.
  2008 | D:3      | HP: 7/29 [poisoned by Ijyb]
  2009 | D:3      | 2009 ||| DRINKING sedimented coppery potion.
  2014 | D:3      | HP: 7/29 [poisoned by Ijyb]
  2015 | D:3      | 2015 ||| READING scroll of teleportation.
  2015 | D:3      | HP: 1/29 [poisoned by Ijyb]
  2015 | D:3      | Slain by Ijyb

Levels and vault maps discovered:
D:1:      wander_arrival_fairy_ring, layout_loops_ring,
          hellmonk_ecumenical_altar_inner_sanctum
D:2:      layout_basic
D:3:      layout_loops_ring, serial_shops, nicolae_shop_bloodbath_and_beyond,
          st_stairs_7, uniq_ijyb

Skill      XL: |  1  2  3  4 |
---------------+-------------+-----
Ranged Weapons | 6 7 8 |  8.4
Fighting       | |  1.5
Dodging        | |  2.4
Stealth        | |  1.2

Action                     |  1- 3 |  4- 6 || total
---------------------------+-------+-------++-------
   Fire: Shortbow          |   120 |    61 ||   181
    Use: Scroll            |     4 |     1 ||     5
         Potion            |     1 |     3 ||     4
 Armour: Leather armour    |    31 |    10 ||    41
  Dodge: Dodged            |    21 |    12 ||    33

Table legend:
 A = Non-vault XP
 B = Vault XP
 C = Vault XP percentage of total XP
 D = Non-vault monster count
 E = Vault monster count
 F = Vault count percentage of total count
                 A         B        C        D         E       F
            +---------+---------+-------+---------+---------+-------
      Total |     195 |       1 |   0.5 |      61 |       1 |   1.6
            +---------+---------+-------+---------+---------+-------
        D:1 |      33 |       0 |   0.0 |      20 |       0 |   0.0
        D:2 |      47 |       0 |   0.0 |      21 |       0 |   0.0
        D:3 |     115 |       1 |   0.9 |      20 |       1 |   4.8
            +---------+---------+-------+---------+---------+-------
